 Dungeon Crawl Stone Soup version 0.31.0-11-ge490571c62 (webtiles) character file.

Game seed: 3886178281466942935

25 Flugkiller the Trooper (level 2, 27/27 HPs)
             Began as a Minotaur Fighter on Jan 28, 2024.
             Was an Initiate of Ashenzari.
             Quit the game on level 1 of the Dungeon.
             The game lasted 00:00:15 (695 turns).

Flugkiller the Trooper (Minotaur Fighter)            Turns: 695, Time: 00:00:15

Health: 27/27      AC:  7    Str: 20    XL:     2   Next: 86%
Magic:  1/1        EV:  9    Int:  5    God:    Ashenzari [......]
Gold:   20         SH:  4    Dex:  9    Spells: 1/1 levels left

rFire   . . .        a - +0 war axe
rCold   . . .        c - +0 buckler
rNeg    . . .        b - +0 scale mail
rPois   .            (helmet restricted)
rElec   .            (no cloak)
rCorr   .            (no gloves)
SInv    .            (no boots)
Will    .....        (no amulet) Stlth
                     (no ring)
HPRegen 0.24/turn    (no ring)
MPRegen 0.07/turn

%: no passive effects
@: no status effects
A: horns 2, retaliatory headbutt
a: Renounce Religion


You were on level 1 of the Dungeon.
You worshipped Ashenzari.
Ashenzari was noncommittal.
You visited 1 branch of the dungeon, and saw 2 of its levels.

You collected 20 gold pieces.

Inventory:

Hand Weapons
 a - a +0 war axe (weapon)
Armour
 b - a +0 scale mail (worn)
 c - a +0 buckler (worn)
Potions
 d - a potion of might
 e - a potion of lignification {unknown}


   Skills:
 * Level 4.1 Fighting
 * Level 3.1 Axes
 + Level 3.9 Armour
 + Level 3.8 Shields


You had one spell level left.
You didn't know any spells.
Your spell library was empty.

Dungeon Overview and Level Annotations

Branches:
Dungeon (2/15)

Altars:
Ashenzari


Innate Abilities, Weirdness & Mutations

You have a pair of horns on your head.
You reflexively headbutt those who attack you in melee.


Message History

The endoplasm is severely wounded.
The endoplasm hits you but does no damage.
The endoplasm barely misses you.
You hit the endoplasm but do no damage. You headbutt the endoplasm.
The endoplasm is almost dead.
The endoplasm freezes you.
You are frozen.
You barely miss the endoplasm. Your headbutt misses the endoplasm.
The endoplasm is almost dead.
The endoplasm freezes you.
You are frozen.
The endoplasm freezes you.
You are frozen.
You slash the endoplasm!
You kill the endoplasm!
No target in view!
A ball python comes into view.
The ball python hisses angrily.
You block the ball python's attack. The ball python grabs you.
The ball python constricts you.
You see here a +2 ring mail of cold resistance.
A ball python is nearby!
You hit the ball python.
You kill the ball python!
A ball python comes into view.
A ball python is nearby!
The ball python bites you but does no damage.
The ball python grabs you. The ball python constricts you.
You closely miss the ball python.
The ball python bites you but does no damage.
The ball python constricts you.
The ball python bites you but does no damage.
The ball python constricts you.
You barely miss the ball python.
The ball python bites you but does no damage.
The ball python constricts you.
The ball python bites you but does no damage.
The ball python constricts you.
You closely miss the ball python. The ball python barely misses you.
The ball python constricts you.
You slash the ball python!
You kill the ball python!
You see here a ball python corpse.
You see here a ball python corpse.
You see here a +2 ring mail of cold resistance.
A goblin comes into view. It is wielding a +0 dagger.
The goblin shouts!
A goblin is nearby!
You block the goblin's attack.
You closely miss the goblin. Your headbutt misses the goblin.
The goblin hits you but does no damage.
You miss the goblin. The goblin barely misses you. You furiously retaliate!
You headbutt the goblin. The goblin hits you but does no damage.
You hit the goblin.
You kill the goblin!
No target in view!
No target in view!
No target in view!
No target in view!
No target in view!
You open the door.
There is an open door here.
Found a faded altar of an unknown god.
No target in view!
A jackal comes into view.
A jackal is nearby!
A ball python comes into view.
The ball python hisses angrily.
A jackal comes into view.
The jackal barks!
You slash the jackal!
You kill the jackal!
You hear a shout!
You see here a jackal corpse.
A kobold comes into view. It is wielding a +0 short sword.
The kobold throws a stone.
The stone hits you but does no damage.
The ball python bites you but does no damage.
The ball python grabs you. The ball python constricts you.
You hit the ball python.
You kill the ball python!
You hit the jackal.
You kill the jackal!
Found a trident.
You miss the kobold. The kobold barely misses you.
You barely miss the kobold. The kobold hits you but does no damage.
The kobold hits you with a +0 short sword.
A kobold is nearby!
You closely miss the kobold. You block the kobold's attack.
You slash the kobold!
You kill the kobold!
No target in view!
No target in view!
There is a faded altar of an unknown god here.
This altar belongs to (a) Ashenzari, (b) Jiyva or (c) Fedhas, but you can't tell which.
Press the corresponding letter to learn more about a god, or press enter to convert or escape to cancel.
Okay, then.
This altar belongs to (a) Ashenzari, (b) Jiyva or (c) Fedhas, but you can't tell which.
Press the corresponding letter to learn more about a god, or press enter to convert or escape to cancel.
Ashenzari accepts your prayer! Ashenzari welcomes you!
Ashenzari warns you of distant threats and treasures.
Ashenzari shows you where magical portals lie.
Are you sure you want to abandon this character and quit the game? (Confirm with "yes".)

+..............# #.###.######
#.............# #..........#
#.............# .#..........#
#.............##.#....).....#.
#.....)....##....#.#+########.
#................#.#.########.
#...†.......#.#..#.#..........
##..#.####.#.#.#.+.#..........
##..†# #..#@#..#............
##..# #.#.#.#.#.###########
#..## #..#.#....###########
##..# #.......#.##.........
#..###...#..##............
#........+................
#####....##########.######
##...##########.######
#####...##..............#


There were no monsters in sight!

Vanquished Creatures
  An adder (D:2)
  A ribbon worm (D:2)
  An endoplasm (D:1)
  2 goblins (D:1)
  A hobgoblin (D:1)
  2 jackals (D:1)
  A kobold (D:1)
  4 ball pythons (D:1)
13 creatures vanquished.

Notes
Turn   | Place    | Note
-------+----------+-------------------------------------------
     0 | D:1      | Flugkiller the Minotaur Fighter began the quest for the
                  | Orb.
     0 | D:1      | Reached XP level 1. HP: 19/19 MP: 0/0
    80 | D:2      | Reached skill level 4 in Fighting
    80 | D:2      | Reached XP level 2. HP: 3/27 MP: 1/1
   669 | D:1      | Found a faded altar of an unknown god.
   694 | D:1      | Prayed at the altar of an unknown god.
   694 | D:1      | Became a worshipper of Ashenzari the Shackled
   695 | D:1      | Quit the game

Illustrated notes

Levels and vault maps discovered:
D:1:      tarquinn_simple_flora_water_d, layout_basic,
          chequers_ecumenical_altar_simple_redux
D:2:      minmay_alternating_diamond, layout_basic, serial_glass,
          glass_columns_c, glass_columns_b, serial_shops, shop, shop,
          nicolae_shop_back_alley_shop, uniq_jessica, uniq_terence

Skill      XL: |  1  2 |
---------------+-------+-----
Fighting       | 4 |  4.1
Axes           | 3 |  3.1
Armour         | |  3.9
Shields        | |  3.8

Action                     || total
---------------------------++-------
  Melee: War axe           ||    31
         Headbutt          ||     4
 Armour: Scale mail        ||    25
  Dodge: Dodged            ||    10
  Block: Buckler           ||     6
